 Dungeon Crawl Stone Soup version 0.18-a0-1643-gb89d9db (webtiles) character file.

774 zxpr0jk the Shield-Bearer (level 7, -5/60 HPs)
             Began as a Minotaur Fighter on Mar 29, 2016.
             Was an Initiate of the Shining One.
             Slain by Prince Ribbit (10 damage)
             ... on level 5 of the Dungeon.
             The game lasted 00:06:06 (3579 turns).

zxpr0jk the Shield-Bearer (Minotaur Fighter)        Turns: 3579, Time: 00:06:07

Health: -5/60      AC: 15    Str: 21    XL:     7   Next: 53%
Magic:  6/6        EV:  5    Int:  7    God:    the Shining One [......]
Gold:   303        SH:  0    Dex: 11    Spells: 0 memorised, 6 levels left

rFire  . . .     SeeInvis .     a - +0 war axe
rCold  . . .     Gourm    .     q - +0 plate armour
rNeg   . . .     Faith    .     c - +0 shield
rPois  .         Spirit   .     (helmet restricted)
rElec  .         Dismiss  .     y - +0 cloak
rCorr  .         Reflect  .     r - +0 pair of gloves
SustAt .         Harm     .     (no boots)
MR     .....                    (no amulet)
Stlth  ..........               (no ring)
                                t - +2 ring of intelligence

@: confused, glowing, not resistant to hostile enchantments, extremely
unstealthy
A: retaliatory headbutt, horns 2
a: Renounce Religion


You were on level 5 of the Dungeon.
You worshipped the Shining One.
The Shining One was noncommittal.
You were hungry.

You visited 1 branch of the dungeon, and saw 5 of its levels.

You collected 303 gold pieces.

Inventory:

Hand Weapons
 a - a +0 war axe (weapon)
 u - a +2 hand axe of flaming
Armour
 c - a +0 shield (worn)
 q - a +0 plate armour (worn)
 r - a +0 pair of gloves (worn)
 y - a +0 cloak (worn)
Jewellery
 t - a +2 ring of intelligence (left hand)
Scrolls
 b - a scroll of fear {unknown}
 e - a scroll of enchant armour {unknown}
 h - 4 scrolls of noise {unknown}
 i - 12 scrolls of identify {unknown}
 j - 2 scrolls of random uselessness {unknown}
 k - a scroll of fog {unknown}
 n - 2 scrolls of teleportation {unknown}
 p - a scroll of remove curse {unknown}
 s - a scroll of magic mapping {unknown}
 x - 3 scrolls of recharging {unknown}
 B - a scroll of enchant weapon {unknown}
Potions
 m - a potion of haste {unknown}
 o - a potion of mutation {unknown}
 w - 2 potions of resistance {unknown}
 A - a potion of cancellation {unknown}
Comestibles
 f - 3 bread rations
 l - 3 beef jerkies
 v - a royal jelly
 z - 3 fruits


   Skills:
 - Level 4.6 Fighting
 - Level 5.0 Axes
 + Level 7.0 Armour
 + Level 7.1 Shields


You had 6 spell levels left.
You didn't know any spells.

Dungeon Overview and Level Annotations

Branches:
Dungeon (5/15)             Temple (0/1) D:4

Altars:
Elyvilon
Fedhas
Gozag
Kikubaaqudgha
Ru
Sif Muna
Vehumet
Xom
The Shining One

Annotations:
D:4 exclusion: statue
D:5 Prince Ribbit


Innate Abilities, Weirdness & Mutations

You reflexively headbutt those who attack you in melee.
You have a pair of horns on your head.


Message History

You are too injured to fight recklessly!
Drink which item? (? for menu, Esc to quit)
It was a potion of ambrosia.
You are confused.
You feel invigorated. Prince Ribbit barely misses you.
Prince Ribbit hits you but does no damage.
Prince Ribbit hits you!
* * * LOW HITPOINT WARNING * * *
Prince Ribbit hits you!
* * * LOW HITPOINT WARNING * * *
Prince Ribbit hits you.
* * * LOW HITPOINT WARNING * * *
Prince Ribbit hits you but does no damage.
Prince Ribbit hits you but does no damage.
Prince Ribbit hits you!
* * * LOW HITPOINT WARNING * * *
Prince Ribbit hits you!
* * * LOW HITPOINT WARNING * * *
Prince Ribbit hits you!
You die...

#.# ##P..#
####. #.#
#(..## #.
#.###._.#
#.
#...#PP.#
..
#...#####
.. #.### #
#.# #.#
...
#.###.....
#.@F......
###.#.....
.# ... .#
# .. ..
##. .


You could see Prince Ribbit.

Vanquished Creatures
  Pikel (D:4)
  Menkaure (D:4)
  A slave (D:4)
  A hound (D:4)
  Crazy Yiuf (D:5)
  An iguana (D:4)
  A worker ant (D:3)
  3 adders
  An ooze (D:1)
  7 worms
  2 dart slugs (D:1)
  2 giant geckos (D:3)
  2 orcs
  A ball python (D:2)
  3 giant cockroaches
  2 goblins
  2 hobgoblins
  3 jackals (D:3)
  2 quokkas
  11 bats
  3 giant newts
  5 kobolds
  4 rats
60 creatures vanquished.

Vanquished Creatures (others)
  Sigmund (D:4)
  A statue (D:4)
2 creatures vanquished.

Grand Total: 62 creatures vanquished

Notes
Turn   | Place    | Note
--------------------------------------------------------------
     0 | D:1      | zxpr0jk the Minotaur Fighter began the quest for the Orb.
     0 | D:1      | Reached XP level 1. HP: 19/19 MP: 0/0
    80 | D:1      | Reached XP level 2. HP: 24/27 MP: 1/1
   595 | D:2      | Reached XP level 3. HP: 31/33 MP: 2/2
   607 | D:2      | Found a glowing golden altar of the Shining One.
   640 | D:2      | Became a worshipper of the Shining One
   669 | D:2      | Found a sacrificial altar of Ru.
  1179 | D:2      | Found a deep blue altar of Sif Muna.
  1289 | D:3      | Found a shimmering altar of Xom.
  1318 | D:3      | Found a glowing golden altar of the Shining One.
  1449 | D:3      | Reached XP level 4. HP: 40/40 MP: 3/3
  1681 | D:3      | Reached skill level 5 in Axes
  2208 | D:4      | Noticed a slave
  2208 | D:4      | Noticed a slave
  2208 | D:4      | Noticed a slave
  2209 | D:4      | Noticed Pikel
  2209 | D:4      | Noticed a slave
  2230 | D:4      | Killed a slave
  2239 | D:4      | HP: 1/41 [Pikel/whip of electrocution (14)]
  2243 | D:4      | Killed Pikel
  2243 | D:4      | Reached XP level 5. HP: 26/47 MP: 4/4
  2243 | D:4      | Reached XP level 6. HP: 29/53 MP: 5/5
  2243 | D:4      | Reached XP level 7. HP: 32/60 MP: 6/6
  2268 | D:4      | Found a white marble altar of Elyvilon.
  2297 | D:4      | Noticed Menkaure
  2301 | D:4      | Killed Sigmund
  2305 | D:4      | Killed Menkaure
  2560 | D:4      | Found a radiant altar of Vehumet.
  2631 | D:4      | Found a staircase to the Ecumenical Temple.
  3002 | D:5      | Entered Level 5 of the Dungeon
  3122 | D:5      | Noticed Crazy Yiuf
  3126 | D:5      | Killed Crazy Yiuf
  3169 | D:5      | Found an opulent altar of Gozag.
  3296 | D:5      | Noticed Prince Ribbit
  3302 | D:5      | Found an ancient bone altar of Kikubaaqudgha.
  3307 | D:5      | Found a blossoming altar of Fedhas.
  3579 | D:5      | Slain by Prince Ribbit

Vault maps used:
D:1:      evilmike_arrival_run_for_it, st_stairs_13
D:2:      lemuel_round_altar, nicolae_ru_sacrificial_ziggurat, led_sif_pool
D:3:      lemuel_round_altar, first_bread, nicolae_tso_swordbearing_angel
D:4:      vehumet_statue, elyvilon_altar_1, minmay_temple_entry_statues_pillars,
          hangedman_abyss_or_decor_stabs, uniq_menkaure, uniq_pikel,
          uniq_sigmund
D:5:      grunt_temple_overflow_growth_and_decay, minmay_misc_feat_nine_boxes,
          nicolae_gozag_seed_capital, uniq_prince_ribbit1,
          uniq_crazy_yiuf_cottage

Skill      XL: |  1  2  3  4  5  6  7 |
---------------+----------------------+-----
Axes           | 3 4 5 |  5.0
Fighting       | 4 |  4.6
Shields        | 6 7 |  7.1
Armour         | 6 7 |  7.0

Action                   |  1- 3 |  4- 6 |  7- 9 || total
-------------------------+-------+-------+-------++-------
Melee: War axe           |    77 |    83 |    36 ||   196
  Use: Potion            |       |     5 |     4 ||     9
  Eat: Chunk             |     1 |     3 |     4 ||     8
